cohdb
Replays
Latest Replays
All Replays
Popular Replays
Top Player Replays
Match Explorer
How It Works
Community
CoH3 Stats
Reddit
Sign in to upload your games and track your stats! →
Sign in with Steam
Match 44504080
Unlisted
Match 44504080
Overview
Messages
Build Orders
End
Vickers Machine Gun Team
Selects Australian Defense Battlegroup
Selects Australian Light Infantry Section
Australian Light Infantry Section
Australian Light Infantry Section
Construct Section Command Post
Australian Light Infantry Section
Construct Section Command Post
Construct Platoon Command Post
Selects CMP 15cwt Supply Run
Humber Armored Car
CMP 15cwt Supply Run
AI Takeover
Ceruman
gUi
boboCATs
boboFISHs
Dummy
Butcher RSK
Bloodlord
ColaDruid
0
0
Comments
sign in to comment!
No comments posted yet!